 Dungeon Crawl Stone Soup version 0.21-a0-401-g0b6bec4 (webtiles) character file.

851 unnamedlich the Cudgeler (level 7, -3/55 HPs)
             Began as a Demonspawn Fighter on Oct 24, 2017.
             Killed by nerve-wracking pain
             ... invoked by Menkaure
              (11 damage)
             ... on level 5 of the Dungeon.
             The game lasted 00:34:51 (5034 turns).

unnamedlich the Cudgeler (Demonspawn Fighter)       Turns: 5034, Time: 00:34:52

Health: -3/55      AC: 13    Str: 16 (18) XL:     7   Next: 69%
Magic:  7/7        EV: 12    Int:  7 (10) God:
Gold:   163        SH: 10    Dex: 20 (21) Spells: 6/6 levels left

rFire    . . .     SeeInvis .   i - +0 flail
rCold    . . .     Gourm    .   c - +0 shield
rNeg     . . .     Faith    .   t - +6 scale mail "Rejyteja" {rElec rCorr Dex+4}
rPois    .         Spirit   .   (no helmet)
rElec    +         Reflect  .   g - scarf {repulsion}
rCorr    +         Harm     .   (no gloves)
MR       .....                  (no boots)
Stlth    +++.......             (no amulet)
HPRegen  0.18/turn              (no ring)
MPRegen  0.10/turn              (no ring)

@: agile, flying, repel missiles
A: nightstalker 2, sturdy frame 1
a: no special abilities


You were on level 5 of the Dungeon.
You were not hungry.

You visited 1 branch of the dungeon, and saw 6 of its levels.

You collected 163 gold pieces.

Inventory:

Hand Weapons
 i - a +0 flail (weapon)
Armour
 c - a +0 shield (worn)
 g - a scarf of repulsion (worn)
 t - the +6 scale mail "Rejyteja" (worn) {rElec rCorr Dex+4}
   (You took it off an orc on level 5 of the Dungeon)

   It affects your dexterity (+4).
   It insulates you from electricity.
   It protects you from acid and corrosion.
Jewellery
 d - an uncursed ring of ice
Scrolls
 e - 2 scrolls of identify
 h - 2 scrolls of teleportation
 m - a scroll of magic mapping
 o - a scroll of enchant armour
 w - a scroll of fear {unknown}
Potions
 b - a potion of might
 j - 2 potions of resistance
 k - a potion of curing
 n - 2 potions of haste {unknown}
 p - a potion of agility
Comestibles
 a - a chunk of flesh
 f - 6 bread rations
 l - a meat ration
 r - 2 royal jellies
 s - 4 fruits


   Skills:
 + Level 4.9 Fighting
 * Level 5.3 Maces & Flails
 + Level 4.3 Armour
 + Level 4.4 Shields


You had 6 spell levels left.
You didn't know any spells.

Dungeon Overview and Level Annotations

Branches:
Dungeon (6/15)
 Temple: D:4-7

Altars:
Dithmenos
Wu Jian
Yredelemnul
Zin

Shops:
D:6 =:

Annotations:
D:3 Beargit's ghost, amateur OpWn
D:5 Menkaure
D:6 brasw1bg's ghost, novice TrHu


Innate Abilities, Weirdness & Mutations

You are significantly more attuned to the shadows.
Your movements are slightly less encumbered by armour. (ER -2)


Message History

Menkaure calls on the powers of darkness!
The orc convulses!
Your body is wracked with pain!
* * * LOW HITPOINT WARNING * * *
Menkaure is no longer moving quickly.
Menkaure gestures wildly while chanting.
Menkaure seems to speed up.
Menkaure calls on the powers of darkness!
The orc convulses!
Your body is wracked with pain!
* * * LOW HITPOINT WARNING * * *
It was a potion of degeneration.
There was something very wrong with that liquid.
You feel weakened.
You feel dopey.
You feel clumsy.
You feel agile all of a sudden. You block Menkaure's attack.
Your magical contamination has completely faded away.
You block Menkaure's attack.
A worm comes into view.
Menkaure gestures at you while chanting.
Pain shoots through your body!
You die...

#... #.. #..####### ##..
#....#...# .. .o#
#..#.#.#.#.#. #M#
#.M#o#.#.#w#.## #.#
#.o#M#o#o#.#..# #.###
#..#.#.#.#.#..#####ยง#.#
#..#.#.#.#.#.........#
#..#.#.#.#@#.M#####.##
## #..#...#M..#..# #.##
##.# #..#########..#
##.###.###
#....o........#
##.#.....
##########....# ##.#.#..
###### ###.... ##...
#... ##..


You could see Menkaure and a worm (sleeping).

Vanquished Creatures
  An orc warrior (D:6)
  An ogre (D:6)
  Blork the orc (D:5)
  A howler monkey (D:6)
  A bullfrog zombie (D:5)
  A bullfrog skeleton (D:6)
  6 hounds
  6 orc wizards
  Jessica (D:3)
  An iguana (D:6)
  A worker ant (D:5)
  A hound skeleton (D:6)
  A howler monkey skeleton (D:4)
  An adder (D:2)
  2 oozes (D:1)
  A worm (D:2)
  A dart slug (D:2)
  2 leopard geckos
  14 orcs
  2 bats
  2 giant cockroaches
  3 goblins
  4 hobgoblins
  8 jackals
  2 kobolds
  A leopard gecko skeleton (D:5)
  6 rats
  A spectral orc (D:2)
73 creatures vanquished.

Notes
Turn   | Place    | Note
-------+----------+-------------------------------------------
     0 | D:1      | unnamedlich the Demonspawn Fighter began the quest for the Orb.
     0 | D:1      | Reached XP level 1. HP: 18/18 MP: 1/1
   151 | D:1      | Reached skill level 2 in Maces & Flails
   308 | D:1      | Gained mutation: Your movements are slightly less encumbered by armour. (ER -2) [demonic ancestry]
   308 | D:1      | Reached XP level 2. HP: 24/24 MP: 2/2
  1054 | D:3      | Gained mutation: You are slightly more attuned to the shadows. [demonic ancestry]
  1054 | D:3      | Reached XP level 3. HP: 29/29 MP: 3/3
  1065 | D:3      | Noticed Beargit's ghost (amateur OpWn)
  1499 | D:2      | HP: 1/29 [poisoned by an adder]
  1898 | D:3      | Noticed a phantom
  1957 | D:2      | Found an ornate altar of the Wu Jian Council.
  1957 | D:2      | Found a glowing silver altar of Zin.
  2092 | D:2      | Found a basalt altar of Yredelemnul.
  2315 | D:3      | Noticed Jessica
  2328 | D:3      | Killed Jessica
  2328 | D:3      | Reached XP level 4. HP: 32/35 MP: 4/4
  3195 | D:3      | Reached skill level 3 in Maces & Flails
  3492 | D:4      | Gained mutation: You are significantly more attuned to the shadows. [demonic ancestry]
  3492 | D:4      | Reached XP level 5. HP: 40/42 MP: 5/5
  3976 | D:4      | Reached XP level 6. HP: 37/48 MP: 6/6
  4117 | D:4      | Reached skill level 4 in Maces & Flails
  4231 | D:5      | Entered Level 5 of the Dungeon
  4436 | D:5      | Noticed Blork the orc
  4454 | D:5      | Killed Blork the orc
  4478 | D:5      | Got a jewelled scale mail
  4489 | D:5      | Identified the +6 scale mail "Rejyteja" {rElec rCorr Dex+4} (You took it off an orc on level 5 of the Dungeon)
  4562 | D:6      | Noticed an orc warrior
  4571 | D:6      | Killed an orc warrior
  4585 | D:6      | Reached XP level 7. HP: 44/55 MP: 7/7
  4608 | D:6      | Found a shadowy altar of Dithmenos.
  4694 | D:6      | Reached skill level 5 in Maces & Flails
  4783 | D:6      | Found Emyufat's Book Emporium.
  4785 | D:6      | Found Godwic's Jewellery Emporium.
  4785 | D:6      | Noticed brasw1bg's ghost (novice TrHu)
  4967 | D:5      | Noticed Menkaure
  5034 | D:5      | Killed from afar by Menkaure

Vault maps used:
D:1:      dpeg_arrival_rooms_c
D:2:      gammafunk_temple_overflow_elements,
          yredelemnul_forgotten_temple_becter, hangedman_abyss_or_decor_stabs
D:3:      first_bread, serial_park_tiny_1, uniq_jessica
D:5:      temple_green, serial_shops, kennysheep_little_box, minivault_27,
          minmay_gold_behind_fungi, minmay_statues_item, uniq_menkaure,
          uniq_blork_the_orc
D:6:      old_standard_altar, serial_shops, nicolae_shop_waterfront, shop_coins,
          shop, shop, nicolae_ossuary_entry_plus

Skill      XL: |  1  2  3  4  5  6  7 |
---------------+----------------------+-----
Maces & Flails | 2 3 4 5 |  5.3
Shields        | 3 4 |  4.4
Armour         | 3 4 |  4.3
Fighting       | 4 |  4.9

Action                   |  1- 3 |  4- 6 |  7- 9 || total
-------------------------+-------+-------+-------++-------
Melee: Flail             |   122 |   169 |    96 ||   387
  Use: Scroll            |     5 |     3 |     1 ||     9
       Potion            |     3 |     2 |     3 ||     8
 Stab: Sleeping          |       |     1 |     2 ||     3
  Eat: Chunk             |     1 |     2 |     1 ||     4
       Bread ration      |     1 |     1 |       ||     2
       Fruit             |       |     1 |       ||     1
Armor: Scale mail        |    53 |    84 |    31 ||   168
Dodge: Dodged            |    37 |    35 |    25 ||    97
       Deflected         |       |     4 |       ||     4
Block: Shield            |    72 |    73 |    54 ||   199

Table legend:
 A = Spawn XP
 B = Non-spawn XP
 C = Spawn XP percentage of total XP
 D = Spawn monster count
 E = Non-spawn monster count
 F = Spawn count percentage of total count
 G = Total turns spent on level
                    A         B        C        D         E        F      G
               +---------+---------+-------+---------+---------+-------+---------
         Total |       0 |    1216 |   0.0 |       0 |      73 |   0.0 |  5034
               +---------+---------+-------+---------+---------+-------+---------
           D:1 |       0 |      34 |   0.0 |       0 |      14 |   0.0 |   959
           D:2 |       0 |      36 |   0.0 |       0 |      10 |   0.0 |  1530
           D:3 |       0 |     121 |   0.0 |       0 |      11 |   0.0 |   969
           D:4 |       0 |     231 |   0.0 |       0 |      11 |   0.0 |   941
           D:5 |       0 |     255 |   0.0 |       0 |      11 |   0.0 |   352
           D:6 |       0 |     539 |   0.0 |       0 |      16 |   0.0 |   283
               +---------+---------+-------+---------+---------+-------+---------
